 Dungeon Crawl Stone Soup version 0.30.1-11-g7821555f0a (webtiles) character file.

Game seed: 2740462709880372618

469 lonewolfV2 the Chopper (level 6, -2/56 HPs)
             Began as an Armataur Fighter on Nov 1, 2023.
             Slain by a gnoll
             ... wielding a +1 flail of distortion
              (6 damage)
             ... on level 3 of the Dungeon.
             The game lasted 00:06:20 (3173 turns).

lonewolfV2 the Chopper (Armataur Fighter)           Turns: 3173, Time: 00:06:21

Health: -2/56      AC:  9    Str: 22    XL:     6   Next: 82%
Magic:  6/6        EV:  4    Int:  8    God:
Gold:   131        SH:  5    Dex: 11    Spells: 5/5 levels left

rFire   . . .        a - +2 war axe
rCold   . . .        c - +1 buckler
rNeg    . . .        g - +0 plate armour
rPois   +            (no helmet)
rElec   .            (no cloak)
rCorr   +            (no gloves)
SInv    .            (no barding)
Will    .....        (no amulet) Stlth
                     k - ring of resist corrosion
HPRegen 0.29/turn    (no ring)
MPRegen 0.10/turn

%: random rage (3%), roll
@: no status effects
A: large, rugged brown scales 3, deformed body, armoured tail, roll, long
tongue, awkward tongue, berserk 1, deterioration 1, sense surroundings 1, poison
resistance, wild magic 1
a: no special abilities


You were on level 3 of the Dungeon.
You visited 1 branch of the dungeon, and saw 3 of its levels.

You collected 131 gold pieces.

Inventory:

Hand Weapons
 a - a +2 war axe (weapon)
Armour
 b - a +0 scale mail
 c - a +1 buckler (worn)
 g - a +0 plate armour (worn)
Jewellery
 k - a ring of resist corrosion (left hand)
Wands
 f - a wand of charming (4)
Scrolls
 d - a scroll of vulnerability {unknown}
 h - a scroll of enchant weapon
 i - a scroll of magic mapping
 j - a scroll of identify {unknown}
Potions
 e - a potion of might


   Skills:
 + Level 4.6 Fighting
 * Level 5.1 Axes
 - Level 3.6 Armour
 - Level 3.2 Shields


You had 5 spell levels left.
You didn't know any spells.
Your spell library contained the following spells:

 Spells                   Type           Power      Damage    Failure   Level
 Beastly Appendage        Tmut           0%         N/A       100%        1
 Wereblood                Tmut           0%         N/A       100%        2
 Spider Form              Tmut/Pois      0%         N/A       100%        3


Dungeon Overview and Level Annotations

Branches:
Dungeon (3/15)

Altars:


Innate Abilities, Weirdness & Mutations

You are completely covered in rugged brown scales. (AC +3, +7% HP)
Armour fits poorly on your strangely shaped body.
You have a long armoured tail.
You roll when moving toward enemies. (Rampage)
Your long tongue fully drains potion bottles. (2x potion effects)
Your tongue gives you trouble enunciating. (1.5x scroll delay)
You sometimes lose your temper in combat.
Your body sometimes deteriorates upon taking damage.
You passively map a small area around you.
Your system is resistant to poisons. (rPois)
Your spells are a little harder to cast, but a little more powerful.


Message History

h - a scroll of enchant weapon As you open the door, it creaks loudly!
Found a ring mail.
There is an open door here.
There is an open door here.
There is an open door here.
Could not explore, unopened door.
You open the door. 3 gnolls come into view.
A gnoll is wielding a +1 flail of distortion.
The gnoll shouts! x2
You roll towards the gnoll!
You barely miss the gnoll. You block the gnoll's attack.
You closely miss the gnoll.
The gnoll hits you with a +1 flail of distortion.
You blink.
You closely miss the gnoll.
Your tail-slap misses the gnoll.
The gnoll barely misses you.
The gnoll hits you with a +1 flail of distortion.
Space warps horribly around you!! The gnoll hits you with a +0 whip.
You closely miss the gnoll.
You tail-slap the gnoll, but do no damage.
You barely miss the gnoll. The gnoll hits you but does no damage.
The gnoll hits you with a +1 flail of distortion.
Space warps horribly around you!
* * * LOW HITPOINT WARNING * * *
You closely miss the gnoll. You tail-slap the gnoll.
The gnoll is moderately wounded.
You hit the gnoll. The gnoll barely misses you.
The gnoll hits you with a +1 flail of distortion.
* * * LOW HITPOINT WARNING * * *
Space warps around you.
* * * LOW HITPOINT WARNING * * *
You hit the gnoll.
The gnoll is severely wounded.
You hit the gnoll. You barely miss the gnoll. You block the gnoll's attack.
The gnoll hits you with a +0 flail!
* * * LOW HITPOINT WARNING * * *
The gnoll hits you with a +1 flail of distortion.
You die...

#........................
#.....................#..
#...........###....####..
###<#.......# #....# #..
#.+.......# ♣....♣ #..
###.......# ♣...♣ #.#
#.......# ♣♣.♣ #.#
#.......# .♣ #.#
#..g@...# #.# #..gg...# *
###'##### #.# #.# #.# #.#
#.# * * #.#


You could see 3 gnolls.

Vanquished Creatures
  Sigmund (D:3)
  An orc priest (D:3)
  Terence (D:3)
  Natasha (twice) (D:3)
  Ijyb (D:3)
  3 orc wizards (D:3)
  3 adders
  3 dart slugs
  10 orcs
  3 ball pythons
  5 bats
  8 endoplasms
  3 giant cockroaches
  4 goblins
  3 hobgoblins
  4 quokkas
  4 frilled lizards
  6 kobolds
  5 rats
  A spectral hobgoblin (D:2)
71 creatures vanquished.

Notes
Turn   | Place    | Note
-------+----------+-------------------------------------------
     0 | D:1      | lonewolfV2 the Armataur Fighter began the quest for the
                  | Orb.
     0 | D:1      | Reached XP level 1. HP: 19/19 MP: 1/1
   190 | D:1      | Reached skill level 2 in Axes
   194 | D:1      | Reached XP level 2. HP: 19/26 MP: 2/2
  1084 | D:2      | Reached XP level 3. HP: 33/33 MP: 3/3
  1476 | D:2      | Found a faded altar of an unknown god.
  1559 | D:2      | Reached skill level 3 in Axes
  1914 | D:3      | Reached XP level 4. HP: 39/40 MP: 4/4
  1970 | D:3      | Noticed Ijyb
  1994 | D:3      | Killed Ijyb
  2194 | D:3      | Gained mutation: Your muscles are strong. (Str +4, Int/Dex
                  | -1) [potion of mutation]
  2194 | D:3      | Gained mutation: Your spells are a little harder to cast,
                  | but a little more powerful. [potion of mutation]
  2194 | D:3      | Gained mutation: Your muscles are very strong. (Str +8,
                  | Int/Dex -2) [potion of mutation]
  2194 | D:3      | Gained mutation: You are frail. (-10% HP) [potion of
                  | mutation]
  2194 | D:3      | Gained mutation: You passively dampen the noise of your
                  | surroundings. [potion of mutation]
  2202 | D:3      | Reached XP level 5. HP: 17/44 MP: 5/5
  2401 | D:3      | Lost mutation: Your spells are a little harder to cast, but
                  | a little more powerful. [potion of mutation]
  2401 | D:3      | Lost mutation: You are frail. (-10% HP) [potion of
                  | mutation]
  2401 | D:3      | Lost mutation: You passively dampen the noise of your
                  | surroundings. [potion of mutation]
  2401 | D:3      | Lost mutation: Your muscles are very strong. (Str +8,
                  | Int/Dex -2) [potion of mutation]
  2401 | D:3      | Lost mutation: Your muscles are strong. (Str +4, Int/Dex
                  | -1) [potion of mutation]
  2401 | D:3      | Gained mutation: You are partially covered in large bone
                  | plates. (SH +4) [potion of mutation]
  2401 | D:3      | Gained mutation: You are frail. (-10% HP) [potion of
                  | mutation]
  2401 | D:3      | Gained mutation: You have a pair of small antennae on your
                  | head. [potion of mutation]
  2401 | D:3      | Gained mutation: Your system is resistant to poisons.
                  | (rPois) [potion of mutation]
  2401 | D:3      | Gained mutation: You are vulnerable to cold. (rC-) [potion
                  | of mutation]
  2401 | D:3      | Gained mutation: Your spells are a little harder to cast,
                  | but a little more powerful. [potion of mutation]
  2401 | D:3      | Gained mutation: You passively dampen the noise of your
                  | surroundings. [potion of mutation]
  2402 | D:3      | Lost mutation: You are partially covered in large bone
                  | plates. (SH +4) [potion of mutation]
  2402 | D:3      | Lost mutation: You passively dampen the noise of your
                  | surroundings. [potion of mutation]
  2402 | D:3      | Lost mutation: Your spells are a little harder to cast, but
                  | a little more powerful. [potion of mutation]
  2402 | D:3      | Lost mutation: You are vulnerable to cold. (rC-) [potion of
                  | mutation]
  2402 | D:3      | Lost mutation: You have a pair of small antennae on your
                  | head. [potion of mutation]
  2402 | D:3      | Lost mutation: You are frail. (-10% HP) [potion of
                  | mutation]
  2402 | D:3      | Gained mutation: You sometimes lose your temper in combat.
                  | [potion of mutation]
  2402 | D:3      | Gained mutation: Your body sometimes deteriorates upon
                  | taking damage. [potion of mutation]
  2402 | D:3      | Gained mutation: You passively map a small area around you.
                  | [potion of mutation]
  2402 | D:3      | Gained mutation: Your spells are a little harder to cast,
                  | but a little more powerful. [potion of mutation]
  2485 | D:3      | Noticed Terence
  2491 | D:3      | Reached skill level 4 in Axes
  2491 | D:3      | Noticed Natasha
  2494 | D:3      | Killed Terence
  2503 | D:3      | Killed Natasha
  2563 | D:3      | Noticed Natasha
  2571 | D:3      | Killed Natasha
  2572 | D:3      | Reached XP level 6. HP: 47/55 MP: 6/6
  2651 | D:3      | Noticed Sigmund
  2668 | D:3      | Killed Sigmund
  2669 | D:3      | Reached skill level 5 in Axes
  3173 | D:3      | Slain by a gnoll

Illustrated notes

Levels and vault maps discovered:
D:1:      giann_horns, layout_basic, roderic_lattice_a
D:2:      layout_basic, dreamdust_ecumenical_altar_drowned_temple, minivault_11
D:3:      layout_basic, uniq_terence, uniq_ijyb, uniq_crazy_yiuf_cottage,
          uniq_natasha, uniq_sigmund

Skill      XL: |  1  2  3  4  5  6 |
---------------+-------------------+-----
Axes           | 2 3 4 5 |  5.1
Fighting       | 3 4 |  4.6
Armour         | |  3.6
Shields        | |  3.2

Action                     |  1- 3 |  4- 6 || total
---------------------------+-------+-------++-------
  Melee: War axe           |    82 |    99 ||   181
         Tailslap          |     3 |     9 ||    12
    Use: Scroll            |     9 |       ||     9
         Potion            |       |     6 ||     6
 Armour: Scale mail        |    37 |       ||    37
         Plate armour      |    11 |    64 ||    75
         Skin              |     1 |       ||     1
  Dodge: Dodged            |    30 |    18 ||    48
  Block: Buckler           |    15 |    30 ||    45
